 Dungeon Crawl Stone Soup version 0.31-a0-538-gbc85326fa9 (webtiles) character file.

Game seed: 1410809834345049054

2519 Newt the Grappler (level 9, -9/73 (74) HPs)
             Began as a Grey Draconian Shapeshifter on Aug 13, 2023.
             Was a Follower of the Shining One.
             Mangled by a wight
             ... wielding a +0 great sword
              (39 damage)
             ... on level 7 of the Dungeon.
             The game lasted 00:06:56 (6139 turns).

Newt the Grappler (Grey Draconian Shapeshifter)     Turns: 6139, Time: 00:06:57

HP:   -9/73 (74)    AC: 12    Str: 27    XL:     9   Next: 29%
MP:   9/9           EV:  2    Int:  9    God:    the Shining One [*.....]
Gold: 299           SH:  0    Dex: 12    Spells: 8/8 levels left

rFire   . .          .
                       - Unarmed
rCold   . . .        (shield currently unavailable)
rNeg    . . .        (body armour unavailable)
rPois   .            (helmet restricted)
rElec   .            (no cloak)
rCorr   .            (no gloves)
SInv    .            (no boots)
Will    .....        (no amulet)
Stlth   +            m - ring of flight
HPRegen 0.32/turn    u - +6 ring of strength
MPRegen 0.11/turn

%: no passive effects
@: flux-form, sleeping, flying, glowing, lightly drained
A: glow, contaminating, AC +12, amphibious, unfitting armour, cold-blooded
a: Begin Untransformation, Renounce Religion, Divine Shield


You were on level 7 of the Dungeon.
You worshipped the Shining One.
The Shining One was aware of your devotion.
You were something dangerously unstable.
You visited 1 branch of the dungeon, and saw 7 of its levels.
You also visited: Sewer.

You collected 299 gold pieces.

Inventory:

Armour
 o - a scarf of shadows
Jewellery
 f - a ring of fire
 k - an amulet of magic regeneration
 m - a ring of flight (left hand)
 u - a +6 ring of strength (right hand)
Talismans
 b - a beast talisman
 c - a flux talisman (active)
Wands
 j - a wand of charming (6)
 x - a wand of light (8)
Scrolls
 d - a scroll of amnesia
 i - a scroll of enchant weapon
 n - a scroll of blinking
 t - 2 scrolls of teleportation
 v - 2 scrolls of poison {unknown}
Potions
 a - 3 potions of lignification
 e - 3 potions of heal wounds
 g - 2 potions of degeneration
 h - 3 potions of curing
 l - 2 potions of enlightenment
 p - 2 potions of magic
 q - 2 potions of haste
 r - a potion of invisibility
 s - a potion of cancellation {unknown}
 z - a potion of berserk rage {unknown}


   Skills:
 - Level 5.0 Fighting
 + Level 5.3 Dodging
 - Level 9.0 Unarmed Combat
 - Level 6.0 Shapeshifting


You had 8 spell levels left.
You didn't know any spells.
Your spell library contained the following spells:

 Spells                   Type           Power      Damage    Failure   Level
 Freeze                   Ice            0%         1d3       38%         1
 Static Discharge         Conj/Air       0%         2-2/arc   52%         2
 Call Canine Familiar     Summ           0%         N/A       77%         3
 Frozen Ramparts          Ice            0%         1d1       77%         3
 Hailstorm                Conj/Ice       0%         3d3       77%         3
 Ozocubu's Armour         Ice            0%         N/A       77%         3
 Portal Projectile        Hex/Tloc       0%         N/A       77%         3
 Stone Arrow              Conj/Erth      0%         3d7       77%         3
 Leda's Liquefaction      Hex/Erth       0%         N/A       99%         4
 Olgreb's Toxic Radiance  Pois           0%         N/A       99%         4
 Alistair's Intoxication  Tmut/Pois      0%         N/A       100%        5
 Conjure Ball Lightning   Conj/Air       0%         3x3d6     100%        6
 Ozocubu's Refrigeration  Ice            0%         4d7       100%        7
 Lehudib's Crystal Spear  Conj/Erth      0%         10d2      100%        8
 Animate Armour           Summ/Erth      Unusable   N/A       N/A         4

Dungeon Overview and Level Annotations

Branches:
Dungeon (7/15)             Temple (0/1) D:6           Sewer (visited)

Altars:
Makhleb
Qazlal
Wu Jian
Xom
Yredelemnul
The Shining One


Innate Abilities, Weirdness & Mutations

You are something dangerously unstable.
You glow with magical radiation, making you easy to see and hit.
Foes you strike become dangerously contaminated with magical radiation.
You are incapable of wielding weapons or throwing items.
Your dull iron-grey scales are very hard. (AC +12)
You are amphibious.
You cannot fit into any form of body armour.
You are cold-blooded and may be slowed by cold attacks.


Message History

The wight is moderately damaged.
The wight hits you with a +1 hand axe.
You hit the wight.
The wight shudders as magic cascades through it!!
You destroy the wight!
The Shining One accepts your kill.
You fly downwards.
You hear the roar of battle.
There is an entrance to a bailey on this level.
Hurry and find it before the portal closes forever!
The sleepcap barely misses you.
The wight hits you with a +0 great sword!
The wight misses you. The sleepcap closely misses you. The wight misses you.
The wight barely misses you.
There is a stone staircase leading up here.
You hit the wight but do no damage.
The wight begins to glow.
You punch the wight!
The wight glows dangerously bright.
The wight is severely damaged.
The sleepcap releases spores at you. The wight hits you but does no damage.
The wight hits you with a +3 hand axe.
Unknown command.
You hit the wight.
The wight shudders as magic cascades through it!!
You destroy the wight!
The Shining One accepts your kill. The sleepcap misses you.
The wight hits you with a +0 great sword.
Unknown command.
You hit the wight but do no damage.
The wight begins to glow.
You tail-slap the wight, but do no damage.
The sleepcap closely misses you.
The wight hits you with a +0 great sword.
Unknown command.
You hit the wight.
The wight glows dangerously bright.
The wight is lightly damaged.
The sleepcap releases spores at you!
You are engulfed in a cloud of soporific spores!
You fall asleep.
The wight hits you with a +0 great sword!!!
Ouch! That really hurt!
You die...

!......
.......
....?..
.......##
.........
........#
.......)#
...)...B#
......fz#
$.....#..
.....##...
#.###
#.... #
#..#..
#..##..
.... .##


You could see a sleepcap and a wight (heavy contam).

Vanquished Creatures
  Sigmund (D:2)
  An orc warrior (D:6)
  2 black bears
  3 ogres
  A phantom (D:5)
  2 kobold brigands (Sewer)
  2 bullfrogs
  3 scorpions
  3 wights
  3 killer bees (D:6)
  A howler monkey (D:3)
  7 hounds
  2 jellies
  2 orc priests (D:6)
  A gnoll bouda (D:4)
  A sleepcap (D:5)
  4 iguanas
  3 orc wizards
  13 gnolls
  14 adders
  A river rat (D:3)
  A shadow imp (D:6)
  A white imp (D:6)
  An ufetubus (D:5)
  2 worms (D:3)
  4 dart slugs
  9 orcs
  6 bats
  8 endoplasms
  8 giant cockroaches
  8 goblins
  6 hobgoblins
  2 quokkas
  13 ball pythons
  3 frilled lizards
  21 kobolds
  2 rats
165 creatures vanquished.

Notes
Turn   | Place    | Note
-------+----------+-------------------------------------------
     0 | D:1      | Newt the Draconian Shapeshifter began the quest for the
                  | Orb.
     0 | D:1      | Reached XP level 1. HP: 16/16 MP: 1/1
   139 | D:1      | Reached XP level 2. HP: 11/25 MP: 2/2
  1058 | D:2      | Reached XP level 3. HP: 21/31 MP: 3/3
  1147 | D:2      | Noticed Sigmund
  1162 | D:2      | Killed Sigmund
  1163 | D:2      | Reached XP level 4. HP: 21/38 MP: 4/4
  1163 | D:2      | Reached XP level 5. HP: 24/45 MP: 5/5
  1176 | D:2      | Reached skill level 5 in Shapeshifting
  1735 | D:3      | Reached XP level 6. HP: 31/51 MP: 6/6
  2002 | D:3      | Found a glowing golden altar of the Shining One.
  2018 | D:3      | Became a worshipper of the Shining One
  2083 | D:3      | Found a faded altar of an unknown god.
  2110 | D:3      | Found a glowing drain.
  2142 | D:3      | Found a burning altar of Makhleb.
  2250 | Sewer    | Entered a sewer
  3028 | D:4      | Your scales start taking on a dull iron-grey colour.
  3028 | D:4      | Reached XP level 7. HP: 43/57 MP: 7/7
  3322 | D:4      | Reached skill level 5 in Fighting
  3345 | D:4      | Reached skill level 4 in Unarmed Combat
  3576 | D:4      | Found a stormy altar of Qazlal.
  3621 | D:4      | Reached * piety under the Shining One
  3627 | D:4      | Reached XP level 8. HP: 63/68 MP: 8/8
  3900 | D:5      | Entered Level 5 of the Dungeon
  3904 | D:5      | Reached skill level 5 in Unarmed Combat
  4310 | D:5      | Reached skill level 6 in Unarmed Combat
  4880 | D:5      | Reached skill level 7 in Unarmed Combat
  5055 | D:5      | Reached skill level 8 in Unarmed Combat
  5336 | D:6      | Found a staircase to the Ecumenical Temple.
  5355 | D:6      | Reached XP level 9. HP: 23/74 MP: 9/9
  5605 | D:6      | Reached skill level 9 in Unarmed Combat
  5678 | D:6      | Found an ornate altar of the Wu Jian Council.
  5678 | D:6      | Found a shimmering altar of Xom.
  5739 | D:6      | Found a basalt altar of Yredelemnul.
  5932 | D:6      | Got the Essays on Fetid Aeromancy
  6129 | D:6      | Reached skill level 5 in Dodging
  6139 | D:7      | Mangled by a wight

Illustrated notes

Levels and vault maps discovered:
D:1:      shiori_arrival_maze, layout_basic, due_unseen_surprise
D:2:      layout_loops_ring, serial_glass, glass_columns_a, glass_columns_c,
          due_unseen_surprise, uniq_sigmund
D:3:      layout_rooms, mainiacjoe_overflow_alcove_4,
          mainiacjoe_overflow_24_doors, ebering_ecumenical_altar_petrified,
          portal_sewer_entry_a, serial_bayou, serial_bayou_pond_e,
          serial_bayou_pond_e, serial_bayou_pond_d, serial_bayou_ford_a
D:4:      layout_cave_pools, grunt_qazlal_sundering, serial_park,
          serial_park_tiny_2, serial_park_square1 [serial_park_minivault_5x5_8]
D:5:      layout_loops_ring, serial_park_tiny_2, grunt_decor_arrowhead,
          st_stairs_11, nicolae_half_adder
D:6:      layout_cave_pools, nicolae_overflow_hidden_temple,
          minmay_temple_entry_slanted
D:7:      layout_rooms, enter_bailey_5, serial_shops, nicolae_book_shop_shelving

Skill      XL: |  1  2  3  4  5  6  7  8  9 |
---------------+----------------------------+-----
Fighting       | 2 3 5 |  5.0
Shapeshifting  | 4 5 6 |  6.0
Dodging        | 3 4 5 |  5.3
Unarmed Combat | 4 8 9 |  9.0

Action                     |  1- 3 |  4- 6 |  7- 9 || total
---------------------------+-------+-------+-------++-------
  Melee: Unarmed           |    74 |   206 |   292 ||   572
         Tailslap          |    12 |    35 |    51 ||    98
    Use: Scroll            |       |     6 |     5 ||    11
         Potion            |       |     2 |     1 ||     3
 Armour: Skin              |    12 |    71 |   131 ||   214
  Dodge: Dodged            |    42 |   144 |   319 ||   505
   Form: Flux              |     1 |       |       ||     1

Table legend: (Time is in decaauts)
 A = Elapsed time spent in this place.
 B = Non-inter-level travel time spent in this place.
 C = Inter-level travel time spent in this place.
 D = Time resting spent in this place.
 E = Time spent auto-exploring this place.
 F = Levels seen in this place.
 G = Mean time per level.
                   A        B        C        D        E       F      G
               +--------+--------+--------+--------+--------+-----+--------+
         Total |   6134 |   5929 |    205 |    957 |   3980 |   8 |  766.8 |
       Dungeon |   5479 |   5274 |    205 |    738 |   3704 |   7 |  782.7 |
         Sewer |    654 |    654 |      0 |    219 |    276 |   1 |  654.0 |
               +--------+--------+--------+--------+--------+-----+--------+

Top non-repeatable levels by time:
     D:5: 1349 daAuts
     D:1: 959 daAuts
     D:6: 855 daAuts
     D:3: 825 daAuts
     D:4: 768 daAuts
     D:2: 711 daAuts
   Sewer: 654 daAuts
     D:7: 10 daAuts
